 Dungeon Crawl Stone Soup version 0.29.1-12-g30fa7ad0bf (webtiles) character file.

Game seed: 11233953393502505440

22864 cheesebisquit the Blocker (level 12, -1/115 HPs)
             Began as a Minotaur Berserker on Dec 12, 2022.
             Was an Elder of Trog.
             Slain by Sonja
             ... wielding a +0 dagger of distortion
              (24 damage)
             ... on level 1 of the Lair of Beasts.
             The game lasted 00:58:57 (15622 turns).

cheesebisquit the Blocker (Minotaur Berserker)     Turns: 15622, Time: 00:58:58

Health: -1/115     AC: 23    Str: 32    XL:     12   Next: 66%
Magic:  11/11      EV:  8    Int:  4    God:    Trog [****..]
Gold:   652        SH: 13    Dex: 11    Spells: 11/11 levels left

rFire   . . .      SeeInvis +   g - +2 war axe
rCold   . . .      Faith    .   b - +1 kite shield
rNeg    . . .      Spirit   .   w - +0 plate armour
rPois   .          Reflect  .   (helmet restricted)
rElec   .          Harm     .   K - +0 cloak
rCorr   .          Rampage  .   z - +2 pair of gloves
Will    ++...                   d - +1 pair of boots
Stlth   ..........              (no amulet)
HPRegen 1.29/turn               p - ring of see invisible
MPRegen 0.12/turn               y - +6 ring of strength

@: lethally poisoned (-1 -> -1), strong-willed, on berserk cooldown,
regenerating, slowed, unable to drink, very slow
A: horns 2, retaliatory headbutt, inability to drink after injury 1
a: Renounce Religion, Berserk, Trog's Hand, Brothers in Arms


You were on level 1 of the Lair of Beasts.
You worshipped Trog.
Trog was greatly pleased with you.
You visited 2 branches of the dungeon, and saw 13 of its levels.

You collected 932 gold pieces.
You spent 280 gold pieces at shops.

Inventory:

Hand Weapons
 a - a +0 hand axe
 g - a +2 war axe (weapon)
 G - a +4 battleaxe
 L - a +0 hand axe of electrocution
 M - a +2 hand axe of freezing
Missiles
 k - 71 stones
 s - 2 throwing nets
 v - 6 javelins
 D - 48 poisoned darts (quivered)
 P - 8 curare-tipped darts
Armour
 b - a +1 kite shield (worn)
 d - a +1 pair of boots (worn)
 w - a +0 plate armour (worn)
 x - the +1 Delatra's gloves {ID++}
   (You found it on level 4 of the Dungeon)

   It heals its wearer when they drink unknown potions.
   It restores its wearer's MP when they read unknown scrolls.
 z - a +2 pair of gloves (worn)
 I - a scarf of repulsion
 K - a +0 cloak (worn)
 Q - a +3 chain mail
Jewellery
 n - a ring of flight
 p - a ring of see invisible (left hand)
 q - a ring of fire
 y - a +6 ring of strength (right hand)
 E - a ring of protection from cold
 F - a ring of poison resistance
Wands
 o - a wand of light (7)
 R - a wand of charming (3)
 S - a wand of flame (9)
Scrolls
 e - a scroll of immolation {unknown}
 f - 2 scrolls of poison
 j - 7 scrolls of teleportation
 m - a scroll of brand weapon {unknown}
 t - 2 scrolls of vulnerability {unknown}
 u - 5 scrolls of torment
 A - 2 scrolls of fear {unknown}
 C - a scroll of blinking {unknown}
 J - 2 scrolls of noise {unknown}
 T - a scroll of amnesia {unknown}
 U - a scroll of fog {unknown}
Potions
 c - 2 potions of haste
 h - 5 potions of degeneration
 i - 2 potions of curing
 l - 2 potions of mutation
 r - a potion of cancellation {unknown}
 B - 3 potions of magic
 H - a potion of attraction
 N - a potion of invisibility
 O - 2 potions of lignification
 V - a potion of resistance {unknown}


   Skills:
 - Level 13.0 Fighting
 - Level 13.0 Axes
 - Level 12.8 Armour
 - Level 2.9 Dodging
 + Level 13.5 Shields


You had 11 spell levels left.
You didn't know any spells.
Your spell library was empty.

Dungeon Overview and Level Annotations

Branches:
Dungeon (12/15)              Lair (1/5) D:9             Orc (0/2) D:9
 Temple: D:4-7

Altars:
Ashenzari
Fedhas
Gozag
Hepliaklqana
Okawaru
Trog
Uskayaw
Vehumet
Wu Jian
Zin
The Shining One

Shops:
D:2 ?[:   D:8 (

Annotations:
D:10 1 runed translucent door, kamileon1's ghost, journeyman NaEn
Lair:1 Amaemon; Maggie; Sonja


Innate Abilities, Weirdness & Mutations

You have a pair of horns on your head.
You reflexively headbutt those who attack you in melee.
You occasionally lose the ability to drink potions when taking damage.


Message History

Sonja barely misses you. x2
Sonja hits you with a +0 dagger of distortion.
You feel a strong urge to attack something.
You feel sick. You block Sonja's attack. Sonja completely misses you.
Sonja hits you with a +0 dagger of distortion.
Space warps around you.
Sonja casts a spell.
Sonja blinks!
You feel sick.
Sonja throws a curare-tipped dart.
You block the curare-tipped dart.
You feel your anger nearly subside.
You feel sick.
You are no longer berserk.
You are exhausted.
You feel as though you will be slow longer.
You feel sick.
You are no longer poisoned.
Maggie points at you and mumbles some strange words.
The bolt of fire hits you!!
You hear a shout!
Your skin crawls.
You feel strong-willed.
Sonja throws a curare-tipped dart.
The curare-tipped dart hits you.
You are poisoned.
You have difficulty breathing.
You feel as though you will be slow longer.
Amaemon the Diabolical Poisoner comes into view.
He is wielding a +1 demon whip of venom.
You feel very sick.
Amaemon shouts!
Sonja twirls her cape.
You block Sonja's attack. Sonja hits you but does no damage. x2
Space warps horribly around you!
You feel threatened and lose the ability to drink potions!
Maggie hits you but does no damage. Sonja hits you but does no damage.
Space warps horribly around you!
* * * LOW HITPOINT WARNING * * *
Sonja hits you but does no damage. Space warps around you.
* * * LOW HITPOINT WARNING * * *
Sonja hits you but does no damage. Space warps horribly around you!!
You die...

~.## #.....## ~.#
.# ##......# ...
... #......## ..
.... #......#
....# ##.....## .
.P...## #......# #
....... #.....##
)......####.†...#
..........#@....#
..........K@....#
..$...6..........#
.................#
................##
................#
P...............#
.......P........#
.............#


You could see Amaemon, Maggie and Sonja.

Vanquished Creatures
  2 hydras (Lair:1)
  Harold (D:9)
  2 boulder beetles
  Erica (D:8)
  3 two-headed ogres
  An ugly thing (D:12)
  A cyclops (D:12)
  A manticore (D:11)
  Psyche (D:9)
  5 unseen horrors
  4 komodo dragons
  4 kobold demonologists
  6 polar bears
  A hornet (D:9)
  6 slime creatures (D:12)
  4 centaur simulacra (D:12)
  A wyvern (D:6)
  3 shadows (D:11)
  2 wraiths (D:11)
  14 yaks
  A basilisk (D:12)
  4 steam dragons
  Menkaure (D:7)
  An acid dragon (D:11)
  5 water moccasins
  3 ice beasts
  A sky beast (D:8)
  3 black bears
  7 orc warriors
  6 wolves
  3 centaurs
  3 kobold brigands
  5 phantoms
  2 bullfrogs
  2 gnoll sergeants
  2 scorpions
  4 wights (D:6)
  3 killer bees (D:11)
  4 howler monkeys
  2 electric eels (D:12)
  A centaur skeleton (D:4)
  2 hounds
  2 jellies
  8 orc priests
  A gnoll bouda (D:9)
  Jessica (D:2)
  Natasha (D:2)
  3 iguanas
  18 orc wizards
  4 scorpion zombies (D:4)
  A hound zombie (D:4)
  Robin (D:2)
  12 gnolls
  6 adders
  3 white imps
  4 ufetubi
  2 adder skeletons (D:4)
  3 adder zombies (D:4)
  A worm (D:2)
  2 dart slugs
  53 orcs
  4 ball pythons
  2 bats (D:1)
  5 endoplasms
  2 giant cockroaches (D:2)
  20 goblins
  4 hobgoblins
  A jackal (D:3)
  4 quokkas
  9 frilled lizards
  14 kobolds
  9 rats
328 creatures vanquished.

Vanquished Creatures (others)
  2 fungi (D:10)
  17 plants
  3 withered plants (D:4)
22 creatures vanquished.

Grand Total: 350 creatures vanquished

Notes
Turn   | Place    | Note
-------+----------+-------------------------------------------
     0 | D:1      | cheesebisquit the Minotaur Berserker began the quest for
                  | the Orb.
     0 | D:1      | Reached XP level 1. HP: 19/19 MP: 0/0
   491 | D:1      | Reached XP level 2. HP: 27/27 MP: 1/1
   917 | D:2      | Found Bemarr's Magic Scroll Boutique.
   922 | D:2      | Bought a scroll of identify for 20 gold pieces
   922 | D:2      | Bought a scroll of identify for 20 gold pieces
  1160 | D:2      | Noticed Jessica
  1170 | D:2      | Killed Jessica
  1171 | D:2      | Reached XP level 3. HP: 33/33 MP: 2/2
  1305 | D:2      | Noticed Robin
  1316 | D:2      | Killed Robin
  1317 | D:2      | Reached XP level 4. HP: 41/41 MP: 3/3
  1505 | D:2      | Noticed Natasha
  1510 | D:2      | Killed Natasha
  1644 | D:2      | Found Haiphaar's Armour Boutique.
  1679 | D:2      | Reached ** piety under Trog
  1756 | D:2      | Found Guivveb's Book Shop.
  2533 | D:3      | Reached XP level 5. HP: 44/47 MP: 4/4
  2950 | D:4      | Reached skill level 5 in Axes
  2954 | D:4      | Reached skill level 5 in Fighting
  3148 | D:4      | Noticed a phantom
  3149 | D:4      | Noticed a phantom
  3154 | D:4      | Killed a phantom
  3155 | D:4      | Reached XP level 6. HP: 56/56 MP: 5/5
  3179 | D:4      | Reached skill level 5 in Armour
  3258 | D:4      | Reached *** piety under Trog
  3271 | D:4      | Reached XP level 7. HP: 40/63 MP: 6/6
  3537 | D:4      | Found a radiant altar of Vehumet.
  3966 | D:4      | Found the +1 Delatra's gloves {ID++}
  4183 | D:4      | Reached XP level 8. HP: 73/73 MP: 7/7
  4867 | D:2      | Bought a +2 pair of gloves for 165 gold pieces
  4969 | D:5      | Entered Level 5 of the Dungeon
  5297 | D:5      | Found an ornate altar of the Wu Jian Council.
  6203 | D:6      | Found an opulent altar of Gozag.
  6328 | D:6      | Found a hide-covered altar of Uskayaw.
  6345 | D:6      | Reached XP level 9. HP: 81/81 MP: 8/8
  6375 | D:6      | Found a broken altar of Ashenzari.
  6608 | D:7      | Noticed Menkaure
  6613 | D:7      | Killed Menkaure
  7066 | D:7      | Found a bloodstained altar of Trog.
  7074 | D:7      | Reached **** piety under Trog
  7274 | D:8      | Reached skill level 10 in Axes
  7321 | D:8      | Noticed a boulder beetle
  7331 | D:8      | Reached skill level 10 in Fighting
  7356 | D:8      | Killed a boulder beetle
  7357 | D:8      | Reached skill level 10 in Armour
  7357 | D:8      | Reached XP level 10. HP: 38/94 MP: 9/9
  7638 | D:8      | Found a blossoming altar of Fedhas.
  7639 | D:8      | Found an iron altar of Okawaru.
  7641 | D:8      | Found a glowing silver altar of Zin.
  7641 | D:8      | Found a glowing golden altar of the Shining One.
  7642 | D:8      | Noticed a two-headed ogre
  7649 | D:8      | Killed a two-headed ogre
  7854 | D:8      | Noticed Erica
  7855 | D:8      | Found Yhi Xedo's Antique Weapon Shoppe.
  7869 | D:8      | Killed Erica
  8188 | D:2      | Bought a scroll of enchant weapon for 75 gold pieces
  8398 | D:9      | Noticed Psyche
  8408 | D:9      | Killed Psyche
  8607 | D:9      | Noticed Harold
  8618 | D:9      | Killed Harold
  9378 | D:9      | Found a staircase to the Orcish Mines.
  9508 | D:9      | Found a staircase to the Lair.
  9522 | D:9      | Reached XP level 11. HP: 66/104 MP: 10/10
  9751 | D:10     | Entered Level 10 of the Dungeon
  9751 | D:10     | Identified the +3 trident of the Key {vorpal, +Blink Will+
                  | Int+2}
  9751 | D:10     | Noticed kamileon1's ghost (journeyman NaEn)
  9751 | D:10     | Found a runed translucent door.
  9760 | D:10     | Noticed a spriggan rider
  9902 | D:10     | Found a flagged portal.
  9920 | D:10     | Gained mutation: You occasionally lose the ability to drink
                  | potions when taking damage. [a neqoxec]
 10320 | D:10     | Noticed a brown ugly thing
 10812 | D:10     | Found a hazy altar of Hepliaklqana.
 10894 | D:11     | Noticed a boulder beetle
 10900 | D:11     | Killed a boulder beetle
 11118 | D:11     | Noticed a two-headed ogre
 11122 | D:11     | Killed a two-headed ogre
 11162 | D:11     | Reached skill level 1 in Shields
 11317 | D:11     | Reached skill level 5 in Shields
 13251 | D:12     | Noticed a cyan ugly thing
 13278 | D:12     | Killed a cyan ugly thing
 13295 | D:12     | Reached XP level 12. HP: 71/115 MP: 11/11
 13798 | D:12     | Noticed a two-headed ogre
 13803 | D:12     | Found a bloodstained altar of Trog.
 13812 | D:12     | Killed a two-headed ogre
 13813 | D:12     | Reached skill level 10 in Shields
 14959 | Lair:1   | Entered Level 1 of the Lair of Beasts
 15276 | Lair:1   | Noticed a five-headed hydra
 15285 | Lair:1   | Killed a nine-headed hydra
 15505 | Lair:1   | Noticed a seven-headed hydra
 15515 | Lair:1   | Killed an 11-headed hydra
 15610 | Lair:1   | Noticed Sonja
 15614 | Lair:1   | Noticed Maggie
 15622 | Lair:1   | Noticed Amaemon
 15622 | Lair:1   | Slain by Sonja

Illustrated notes

Levels and vault maps discovered:
D:1:      scummos_arrival_checkerplants, layout_basic, chequers_jeans
D:2:      layout_loops_corners, serial_shops, nicolae_shop_hallway_plus, shop,
          nicolae_shop_window_shopping, uniq_natasha, uniq_robin, uniq_jessica
D:3:      minmay_octagon_keep, layout_loops_corners, serial_bayou_pond_e
D:4:      layout_layer_cave, nicolae_vehumet_altar_sigil, serial_undead,
          serial_undead_f, serial_undead_e, serial_undead_f, serial_undead_d,
          serial_undead_c, serial_undead_e, serial_undead_c,
          pf_guarded_unrand_delatra
D:5:      layout_basic, mainiacjoe_overflow_tiny_flanked, hex_tiny, st_stairs_2
D:6:      layout_cave_pools, lemuel_round_altar, mainiacjoe_overflow_alcove_4,
          old_standard_altar
D:7:      layout_basic, minmay_temple_entry_enclosed_plants,
          grunt_decor_mini_mirrors, david_defended_altar_orc, uniq_menkaure
D:8:      layout_rooms, chequers_temple_overflow_statue_of_worship,
          nicolae_stop_n_shop_2, minmay_misc_feat_alley, st_stairs_9, uniq_erica
D:9:      layout_roguey, david_lair_shrubbed, hiddenorc1_lemuel, uniq_psyche,
          uniq_harold
D:10:     layout_loops_ring, worldfamousw_hep_ancestral_shrine,
          ebering_ghost_funeral_grove, enter_bailey_5,
          minmay_misc_feat_nine_boxes, lightli_corner_chamber
D:11:     layout_rooms
D:12:     layout_loops_ring, gauntlet_entry_generic, serial_ice, serial_ice_a,
          serial_ice_g, serial_ice_c, serial_ice_i, serial_ice_m, serial_ice_e,
          serial_ice_o, serial_ice_h, trog_ov_bears_minmay
Lair:1:   layout_chaotic_city, basic_altar, lemuel_fruit_fields,
          infiniplex_staircase_pool, serial_bayou_shore_b, uniq_maggie,
          uniq_sonja, uniq_amaemon

Skill      XL: |  1  2  3  4  5  6  7  8  9 10 11 12 |
---------------+-------------------------------------+-----
Axes           | 4 5 6 7 8 10 12 13 | 13.0
Fighting       | 4 5 6 7 8 10 12 13 | 13.0
Armour         | 3 4 5 6 8 10 11 12 | 12.8
Shields        | 8 13 | 13.5
Dodging        | |  2.9

Action                   |  1- 3 |  4- 6 |  7- 9 | 10-12 || total
-------------------------+-------+-------+-------+-------++-------
Melee: Hand axe          |    54 |   124 |   143 |       ||   321
       Headbutt          |     5 |    22 |    56 |   100 ||   183
       War axe           |       |       |    99 |   453 ||   552
       Punch             |       |       |     2 |       ||     2
       Unarmed           |       |       |       |     5 ||     5
Throw: Dart              |       |       |       |     1 ||     1
       Stone             |       |       |       |     1 ||     1
Invok: Berserk           |     2 |     3 |    10 |    25 ||    40
       Trog's Hand       |       |     1 |     2 |     5 ||     8
  Use: Scroll            |     2 |       |     4 |    13 ||    19
       Potion            |       |       |     1 |     5 ||     6
Armor: Ring mail         |    17 |    56 |    23 |       ||    96
       Animal skin       |     4 |       |       |       ||     4
       Plate armour      |       |       |   120 |   424 ||   544
       Scale mail        |       |       |     3 |       ||     3
Dodge: Dodged            |    32 |    78 |    95 |   205 ||   410
       Repelled          |       |       |       |     1 ||     1
Block: Kite shield       |       |       |    41 |   275 ||   316
